 Dungeon Sprint DCSS version 0.28-a0-622-gbaef9634d7 (webtiles) character file.

Game seed: 11471069060555942041

898 SkeletonJelly the Slicer (level 7, -12/67 HPs)
             Began as a Minotaur Gladiator on Oct 8, 2021.
             Was a Priest of Uskayaw.
             Shot with an arrow by a centaur warrior (27 damage)
             ... in the Dungeon (Sprint IX: "|||||||||||||||||||||||||||||").
             The game lasted 00:01:51 (449 turns).

SkeletonJelly the Slicer (Minotaur Gladiator)        Turns: 449, Time: 00:01:52

Health: -12/67     AC:  9    Str: 21    XL:     7   Next: 79%
Magic:  12/13      EV: 15    Int:  5    God:    Uskayaw [***...]
Gold:   0          SH:  0    Dex: 14    Spells: 6/6 levels left

rFire   . . .      SeeInvis .   q - +2 rapier (venom)
rCold   . . .      Faith    .   (no shield)
rNeg    . . .      Spirit   .   u - +2 ring mail
rPois   .          Reflect  .   c - +0 hat
rElec   .          Harm     .   (no cloak)
rCorr   .          Rampage  .   t - +0 pair of gloves
Will    .....      NoTele   +   (no boots)
Stlth   +++.......              (no amulet)
HPRegen 0.21/turn               w - +2 ring of evasion
MPRegen 0.13/turn               v - +3 ring of strength

@: very slightly contaminated, slowed, invisible, very slow
A: horns 2, retaliatory headbutt
a: Renounce Religion, Stomp, Line Pass


You were in the Dungeon.
You worshipped Uskayaw.
Uskayaw was aware of your devotion.
You visited 1 branch

Inventory:

Hand Weapons
 a - a +0 rapier
 n - the +7 great mace "Firestarter" {inner flame, rF++}
   (You found it in the Dungeon)

   It burns those it strikes, dealing additional fire damage.
   It fills those it strikes with an explosive inner flame.
   It grants immunity to clouds of flame.
   rF:        It greatly protects you from fire.
 o - a +2 halberd of protection
 p - a +0 lajatang
 q - a +2 rapier of venom (weapon)
 r - a +2 scimitar of flaming
 s - a +3 vorpal war axe
Missiles
 d - 3 throwing nets (quivered)
Armour
 b - a +0 leather armour
 c - a +0 hat (worn)
 t - a +0 pair of gloves (worn)
 u - a +2 ring mail (worn)
Jewellery
 v - a +3 ring of strength (right hand)
 w - a +2 ring of evasion (left hand)
Wands
 m - a wand of iceblast (10)
Scrolls
 j - 2 scrolls of blinking
 l - 2 scrolls of amnesia
Potions
 e - 5 potions of curing
 f - 3 potions of heal wounds
 g - a potion of haste
 h - 4 potions of magic


   Skills:
 + Level 7.7 Fighting
 * Level 10.2 Short Blades
 - Level 2.0 Throwing
 + Level 5.9 Armour
 - Level 5.0 Dodging
 + Level 6.5 Stealth
 * Level 9.4 Invocations


You had 6 spell levels left.
You didn't know any spells.
Your spell library was empty.

Dungeon Overview and Level Annotations

Branches:
Dungeon (1/1)

Altars:
Cheibriados
Dithmenos
Elyvilon
Fedhas
Gozag
Hepliaklqana
Kikubaaqudgha
Makhleb
Nemelex Xobeh
Okawaru
Qazlal
Ru
Sif Muna
Trog
Uskayaw
Vehumet
Wu Jian
Xom
Yredelemnul
Zin
The Shining One
Beogh
Jiyva
Lugonu


Innate Abilities, Weirdness & Mutations

You have a pair of horns on your head.
You reflexively headbutt those who attack you in melee.


Message History

Magic restored.
Things that are here:
a +0 scimitar; a +0 plate armour; Health restored: 66; MP restored: 12 You open the door.
A death knight, 2 centaurs, a cyclops, an efreet and a wraith come into view.
The efreet is wielding a +3 scimitar of flaming.
There are monsters nearby!
There are monsters nearby!
There are monsters nearby!
There are monsters nearby!
You hit the wraith but do no damage. Your headbutt misses the wraith.
The centaur warrior shouts!
The centaur shouts!
You hit the wraith but do no damage.
You headbutt the wraith, but do no damage.
The wraith hits you. The wraith drains your vigour!
You feel yourself slow down.
You take 2 damage, and have 64/66 hp.
You hit the wraith but do no damage.
You recover from your berserk rage.
The wraith misses you. You furiously retaliate!
You headbutt the wraith, but do no damage.
You puncture the wraith!
The wraith is moderately damaged.
The death knight offers itself to Yredelemnul, and fills with unholy energy.
The wraith hits you! The wraith drains your vigour!
You feel as though you will be slow longer.
You take 7 damage, and have 57/66 hp.
You barely miss the wraith.
You headbutt the wraith, but do no damage.
The wraith is moderately damaged.
The wraith closely misses you. The wraith hits you.
You take 5 damage, and have 52/66 hp.
You hit the wraith but do no damage.
The wraith is moderately damaged.
The wraith closely misses you.
You hit the wraith.
The wraith is heavily damaged.
The wraith closely misses you.
You can now pass through a line of other dancers.
You hit the wraith.
The wraith is heavily damaged.
The wraith hits you. The wraith drains your vigour!
You feel as though you will be slow longer.
You take 2 damage, and have 51/66 hp.
You closely miss the wraith.
The wraith is heavily damaged.
The wraith closely misses you. You furiously retaliate!
You headbutt the wraith. You closely miss the wraith.
The wraith is heavily damaged.
The wraith misses you.
You hit the wraith but do no damage. Your headbutt misses the wraith.
The wraith is heavily damaged.
The wraith hits you.
You take 5 damage, and have 47/66 hp.
You hit the wraith but do no damage. You headbutt the wraith!
The wraith is almost destroyed.
The death knight's dark mirror aura disappears.
The wraith hits you. The wraith drains your vigour!
You feel as though you will be slow longer.
Uskayaw will force your foes to helplessly watch your dance.
Uskayaw prepares the audience for your solo!
You take 4 damage, and have 43/66 hp.
The helpless wraith fails to defend itself.
You spit the wraith like a pig!!!
You destroy the wraith!
The centaur is no longer paralysed.
The efreet is no longer paralysed.
Your Short Blades skill increases to level 10!
Your Invocations skill increases to level 9!
The cyclops is no longer paralysed.
The centaur warrior is no longer paralysed.
The death knight is no longer paralysed.
The cyclops completely misses you. You furiously retaliate!
You headbutt the cyclops.
There is an open door here.
You hit the cyclops.
The cyclops is poisoned.
The cyclops is lightly wounded.
The cyclops hits you!!
* * * LOW HITPOINT WARNING * * *
You take 30 damage, and have 14/67 hp.
MASSIVE DAMAGE!!
You are too injured to fight recklessly!
You are too injured to fight recklessly!
You are too injured to fight recklessly!
You are too injured to fight recklessly!
You are too injured to fight recklessly!
You are too injured to fight recklessly!
You are too injured to fight recklessly!
Okay, then.
Unknown command.
You fade into invisibility!
The centaur warrior wields a +0 longbow.
The centaur warrior shoots an arrow.
The arrow hits the cyclops!!
The centaur wields a +0 shortbow.
The centaur shoots an arrow.
The arrow hits the centaur warrior!
The centaur warrior shoots an arrow.
The arrow hits the cyclops!!
The cyclops dies!
The centaur shoots an arrow.
The arrow hits the centaur warrior.
You are very lightly contaminated with residual magic.
The centaur warrior shoots an arrow.
The arrow hits you!!
You die...

▓'▓
▓†▓
▓.▓
▓.▓
▓.▓
▓)▓
▓.▓
▓'▓
▓@▓
▓c▓
▓c▓
▓R▓
▓p▓
▓.▓
▓+▓


You could see a death knight, a centaur warrior, an efreet and a centaur.

Vanquished Creatures
  2 yaks (D)
  A shadow (D)
  A wraith (D)
  An orc warrior (D)
  A killer bee (D)
  A hound (D)
  A gnoll shaman (D)
  An iguana (D)
  An orc (D)
  A bat zombie (D)
  A goblin (D)
  A hobgoblin (D)
  A ball python (D)
  A ball python skeleton (D)
  2 rats (D)
17 creatures vanquished.

Vanquished Creatures (others)
  A cyclops (D)
1 creature vanquished.

Grand Total: 18 creatures vanquished

Notes
Turn   | Place    | Note
-------+----------+-------------------------------------------
     0 | D        | SkeletonJelly the Minotaur Gladiator began the quest for
                  | the Orb.
     0 | D        | Reached XP level 1. HP: 18/18 MP: 0/0
     6 | D        | Reached skill level 1 in Stealth
    55 | D        | Noticed a hound
    55 | D        | Noticed an iguana
    55 | D        | Noticed a gnoll shaman
    59 | D        | Killed a hound
    60 | D        | Reached skill level 5 in Short Blades
    60 | D        | Reached XP level 2. HP: 26/27 MP: 1/1
    60 | D        | Reached XP level 3. HP: 32/33 MP: 2/2
    73 | D        | Reached skill level 6 in Short Blades
    73 | D        | Reached skill level 5 in Dodging
    73 | D        | Reached XP level 4. HP: 7/41 MP: 3/3
    80 | D        | Found a snail-covered altar of Cheibriados.
    80 | D        | Found a shadowy altar of Dithmenos.
    80 | D        | Found a white marble altar of Elyvilon.
    80 | D        | Found a blossoming altar of Fedhas.
    80 | D        | Found an opulent altar of Gozag.
    81 | D        | Found a hazy altar of Hepliaklqana.
    82 | D        | Found a viscous altar of Jiyva.
    83 | D        | Found an ancient bone altar of Kikubaaqudgha.
    84 | D        | Found a corrupted altar of Lugonu.
    85 | D        | Found a burning altar of Makhleb.
    86 | D        | Found a sparkling altar of Nemelex Xobeh.
    87 | D        | Found an iron altar of Okawaru.
    88 | D        | Found a stormy altar of Qazlal.
    89 | D        | Found a sacrificial altar of Ru.
    90 | D        | Found a shimmering blue altar of Sif Muna.
    91 | D        | Found a bloodstained altar of Trog.
    92 | D        | Found a hide-covered altar of Uskayaw.
    93 | D        | Found a radiant altar of Vehumet.
    94 | D        | Found an ornate altar of the Wu Jian Council.
    95 | D        | Found a shimmering altar of Xom.
    96 | D        | Found a basalt altar of Yredelemnul.
    97 | D        | Found a glowing silver altar of Zin.
    98 | D        | Found a glowing golden altar of the Shining One.
   102 | D        | Became a worshipper of Uskayaw the Reveller
   109 | D        | Found the +7 great mace "Firestarter" {inner flame, rF++}
   366 | D        | Noticed a yak
   366 | D        | Noticed a yak
   366 | D        | Noticed a shadow
   366 | D        | Noticed an orc warrior
   368 | D        | Reached * piety under Uskayaw
   370 | D        | Killed a yak
   370 | D        | Reached ** piety under Uskayaw
   371 | D        | Reached skill level 5 in Fighting
   371 | D        | Reached skill level 7 in Short Blades
   371 | D        | Reached XP level 5. HP: 48/48 MP: 3/9
   375 | D        | Reached *** piety under Uskayaw
   376 | D        | Killed a yak
   377 | D        | Reached skill level 8 in Short Blades
   377 | D        | Reached skill level 5 in Stealth
   377 | D        | Reached XP level 6. HP: 58/58 MP: 3/10
   378 | D        | Reached **** piety under Uskayaw
   380 | D        | Killed a shadow
   381 | D        | Reached skill level 9 in Short Blades
   381 | D        | Reached XP level 7. HP: 66/66 MP: 3/12
   382 | D        | Reached ***** piety under Uskayaw
   384 | D        | Reached skill level 5 in Armour
   432 | D        | Noticed a wraith
   432 | D        | Noticed a cyclops
   432 | D        | Noticed a centaur warrior
   432 | D        | Noticed an efreet
   432 | D        | Noticed a death knight
   445 | D        | Killed a wraith
   446 | D        | Reached skill level 10 in Short Blades
   448 | D        | Killed a cyclops
   449 | D        | Shot with an arrow by a centaur warrior

Illustrated notes

Levels and vault maps discovered:
D:        linesprint [early_d, line_temple, items_1, d_10, items_2, lair_1,
          lair_end, items_3, orc_1, orc_end, items_4, d_15, swamp_1, shoals_1,
          snake_1, spider_1, d_20, vaults_1, items_5, swamp_end, shoals_end,
          snake_end, spider_end, vaults_end, d_27, items_6, zot_1, zot_end,
          crypt_end, forest_end, elf_end, slime_end, tomb_end, abyss_end,
          pan_hell_end]

Skill      XL: |  1  2  3  4  5  6  7 |
---------------+----------------------+-----
Stealth        | 3 4 5 6 |  6.5
Fighting       | 3 4 5 6 7 |  7.7
Short Blades   | 5 6 7 8 9 10 | 10.2
Dodging        | 4 5 |  5.0
Invocations    | 6 7 8 9 |  9.4
Armour         | 2 4 5 |  5.9
Throwing       | |  2.0

Action                   |  1- 3 |  4- 6 |  7- 9 || total
-------------------------+-------+-------+-------++-------
Melee: Rapier            |    22 |    12 |    16 ||    50
       Headbutt          |     6 |     4 |     3 ||    13
  Use: Potion            |       |     1 |     1 ||     2
 Stab: Sleeping          |       |     1 |       ||     1
       Paralysed         |       |     2 |     1 ||     3
Armor: Leather armour    |     3 |       |       ||     3
Dodge: Dodged            |    12 |     8 |     8 ||    28

Table legend: (Time is in decaauts)
 A = Elapsed time spent in this place.
 B = Non-inter-level travel time spent in this place.
 C = Inter-level travel time spent in this place.
 D = Time resting spent in this place.
 E = Time spent auto-exploring this place.
 F = Levels seen in this place.
 G = Mean time per level.
                   A        B        C        D        E       F      G
               +--------+--------+--------+--------+--------+-----+--------+
         Total |    459 |    459 |      0 |      0 |    331 |   1 |  459.0 |
       Dungeon |    459 |    459 |      0 |      0 |    331 |   1 |  459.0 |
               +--------+--------+--------+--------+--------+-----+--------+

Top non-repeatable levels by time:
       D: 459 daAuts
